Map: Blueshift LE

Players

HeroMarine

  • Race: Terran Terran
  • Spawn Location: 7:00

ShaDoWn - Winner!

  • Race: Protoss Protoss
  • Spawn Location: 1:00

Event: WCS Montreal 2018

VOD

Have the link to the VOD?

Description

Time

  • Played on: Sept. 7, 2018, 7:31 p.m.
  • Length: 7:37

All games in this series

Show
View Real Time Build Order
Export as new Build Order

HeroMarine Terran 

Build Orders: Reaper Expand 

Get SALT Encoding   

  12  0:00  SCV  
  13  0:12  SCV  
  14  0:17  Supply Depot  
  14  0:24  SCV  
  15  0:38  SCV  
  15  0:41  Barracks  
  16  0:44  Refinery  
  16  0:50  SCV  
  17  1:02  SCV  
  18  1:15  SCV  
  19  1:28  Reaper, Orbital Command  
  20  1:42  Command Center  
  20  1:55  SCV, Supply Depot  
  20  2:00  Marine  
  22  2:07  SCV  
  23  2:11  Factory  
  23  2:18  Marine  
  23  2:19  SCV, Refinery  
  25  2:29  Engineering Bay  
  25  2:31  SCV  
  26  2:41  Marine  
  26  2:43  SCV  
  28  2:55  SCV  
  28  2:58  Orbital Command  
  29  2:59  Marine  
  29  3:03  Starport  
  30  3:09  Cyclone  
  33  3:13  SCV  
  33  3:18  Barracks Tech Lab  
  34  3:23  SCV  
  34  3:25  SCV  
  35  3:35  SCV  
  36  3:43  SCV, Widow Mine  
  36  3:46  Barracks Reactor  
  36  3:47  SCV  
  40  3:48  Supply Depot  
  40  3:51  Bunker  
  40  3:55  SCV  
  40  3:59  Raven, SCV  
  44  4:07  Factory Tech Lab  
  44  4:08  SCV  
  44  4:09  Command Center  
  45  4:12  SCV  
  46  4:20  SCV, Barracks  
  46  4:22  Marine x2  
  46  4:24  SCV  
  50  4:26  Supply Depot  
  50  4:30  Siege Tank  
  53  4:32  SCV  
  54  4:43  Barracks  
  54  4:47  Refinery  
  54  4:48  SCV x2, Marine x2  
  54  4:50  Supply Depot  
  54  4:52  Engineering Bay  
  58  5:00  SCV x2  
  59  5:08  Siege Tank  
  59  5:11  Marine x2  
  59  5:12  SCV x2  
  66  5:16  Starport Reactor  
  66  5:17  Stimpack  
  66  5:19  Supply Depot  
  66  5:20  Orbital Command  
  66  5:24  Marauder, SCV x2  
  70  5:29  Marine x2  
  70  5:32  Marine  
  73  5:36  Missile Turret, Terran Infantry Weapons Level 1, SCV x2  
  73  5:42  Refinery  
  75  5:45  Marauder  
  75  5:49  SCV  
  79  5:50  SCV  
  79  5:53  Factory Reactor  
  79  5:54  Orbital Command  
  79  5:59  Barracks  
  79  6:00  Barracks  
  79  6:01  SCV, Marine x2  
  79  6:02  SCV  
  83  6:05  Missile Turret  
  83  6:06  Marauder  
  83  6:08  Marauder  
  87  6:14  SCV x2  
  89  6:18  Medivac x2  
  89  6:23  Supply Depot x2  
  89  6:24  SCV  
  94  6:26  SCV x2  
  94  6:30  Marine x2  
  98  6:33  Widow Mine  
  98  6:36  Widow Mine  
  98  6:38  SCV  
  101  6:43  Orbital Command  
  101  6:45  Marauder x2  
  103  6:53  SCV x2  
  89  6:58  Marine  
  89  6:59  Marine x2  
  89  7:01  Widow Mine x2  
  89  7:06  Marauder x2  
  82  7:10  Marine  
  70  7:16  Marine x2  
Show
View Real Time Build Order
Export as new Build Order

ShaDoWn Protoss - Winner!

Build Orders: 1 Gate Expand, Blink Stalkers 

Get SALT Encoding   

  12  0:00  Probe  
  13  0:12  Probe  
  14  0:18  Pylon  
  14  0:24  Probe  
  15  0:32  Probe  
  15  0:37  Gateway  
  15  0:40  Probe  
  16  0:46  Assimilator  
  17  0:51  Probe  
  18  0:58  Assimilator  
  18  1:03  Probe  
  19  1:19  Probe  
  19  1:24  Nexus  
  20  1:35  Cybernetics Core  
  20  1:37  Probe  
  21  1:43  Assimilator  
  21  1:49  Probe  
  22  1:54  Pylon  
  22  2:01  Probe  
  22  2:03  Adept  
  23  2:12  Warp Gate  
  23  2:13  Probe  
  26  2:25  Stalker, Probe  
  29  2:38  Probe  
  29  2:41  Probe  
  29  2:42  Twilight Council  
  31  2:49  Stalker  
  31  2:50  Probe  
  32  2:53  Probe  
  35  3:02  Probe  
  37  3:05  Probe  
  36  3:14  Probe  
  36  3:17  Probe  
  38  3:20  Blink  
  38  3:21  Gateway  
  38  3:26  Gateway, Probe  
  39  3:30  Probe  
  40  3:38  Probe  
  41  3:42  Pylon, Probe  
  42  3:49  Probe  
  42  3:52  Probe  
  44  3:55  Robotics Facility  
  44  3:57  Probe  
  44  4:00  Probe  
  45  4:06  Probe, Assimilator  
  45  4:09  Probe  
  48  4:21  Nexus  
  48  4:22  Pylon  
  48  4:28  Stalker x2  
  48  4:29  Stalker  
  54  4:37  Observer  
  54  4:42  Dark Shrine  
  55  4:50  Gateway  
  55  4:51  Stalker  
  55  4:52  Stalker  
  59  4:54  Stalker  
  61  5:05  Pylon  
  62  5:11  Warp Prism  
  61  5:17  Gateway  
  61  5:19  Gateway  
  61  5:21  Gateway  
  61  5:25  Sentry  
  61  5:26  Stalker  
  61  5:28  Probe x2  
  69  5:34  Probe  
  69  5:36  Stalker  
  69  5:40  Probe x2  
  74  5:44  Probe  
  75  5:53  Stalker  
  75  5:54  Stalker x2  
  81  6:02  Stalker  
  81  6:03  Probe x2  
  85  6:05  Pylon  
  85  6:11  Pylon  
  85  6:13  Pylon  
  85  6:23  Dark Templar x2, Probe  
  85  6:25  Zealot  
  90  6:41  Zealot x4  
  90  6:45  Probe  
  97  6:47  Robotics Bay  
  97  6:48  Probe  
  97  6:53  Zealot  
  100  6:57  Zealot x2  
  102  7:03  Zealot x4  
  98  7:11  Probe  
  98  7:12  Robotics Facility  
  98  7:14  Zealot  
  97  7:17  Zealot x2  
  95  7:31  Stalker x4  
  95  7:36  Zealot  
Tags
 
Add a new tag
Caveats
  • Supply blocks, unpowered buildings, or Contaminate may cause inaccurate times.
  • Supply counts are checked every 10 seconds.